 Dungeon Crawl Stone Soup version 0.27-a0-1322-gfdffb62a71 (webtiles) character file.

Game seed: 9403198026275483169

10040 lunkers the Stormcaller (level 11, -3/62 HPs)
             Began as a Tengu Air Elementalist on June 22, 2021.
             Was a Priest of Vehumet.
             Shot with an arrow by a centaur warrior (20 damage)
             ... on level 10 of the Dungeon.
             The game lasted 00:26:49 (15577 turns).

lunkers the Stormcaller (Tengu Air Elementalist)   Turns: 15577, Time: 00:26:49

Health: -3/62      AC:  7    Str: 12    XL:     11   Next: 55%
Magic:  24/24      EV: 18    Int: 19    God:    Vehumet [***...]
Gold:   713        SH:  0    Dex: 15    Spells: 11/26 levels left

rFire    . . .     SeeInvis .   p - +7 quarterstaff
rCold    . . .     Faith    .   (shield currently unavailable)
rNeg     + . .     Spirit   .   b - +0 troll leather armour
rPois    +         Reflect  .   (helmet restricted)
rElec    .         Harm     .   H - +2 cloak
rCorr    .         Rampage  .   (no gloves)
Will     .....                  (boots unavailable)
Stlth    ++........             (no amulet)
HPRegen  1.20/turn              I - +4 ring of evasion
MPRegen  0.19/turn              K - ring of Neqiedo {rPois rN+ Str+4}

@: flying quickly and evasively, quick
A: beak, talons 3, nimble flight
a: Renounce Religion


You were on level 10 of the Dungeon.
You worshipped Vehumet.
Vehumet was most pleased with you.
You visited 2 branches of the dungeon, and saw 11 of its levels.

You collected 713 gold pieces.

Inventory:

Hand Weapons
 a - a +0 quick blade
 h - a +2 dagger of venom
 p - a +7 quarterstaff (weapon)
Missiles
 F - 7 curare-tipped darts
Armour
 b - a +0 troll leather armour (worn)
 s - a +2 leather armour of fire resistance
 H - a +2 cloak (worn)
Jewellery
 e - a ring of positive energy
 I - a +4 ring of evasion (left hand)
 J - an amulet of faith
 K - the ring of Neqiedo (right hand) {rPois rN+ Str+4}
   (You took it off a centaur warrior on level 10 of the Dungeon)

   [ring of positive energy]

   It affects your strength (+4).
   It protects you from poison.
   It protects you from negative energy.
Wands
 q - a wand of paralysis (1)
 C - a wand of flame (29)
 D - a wand of iceblast (6)
Scrolls
 c - 2 scrolls of enchant armour {unknown}
 d - 2 scrolls of immolation {unknown}
 f - 2 scrolls of teleportation {unknown}
 j - 4 scrolls of brand weapon {unknown}
 o - a scroll of torment {unknown}
 u - a scroll of magic mapping {unknown}
 x - a scroll of vulnerability {unknown}
 y - 2 scrolls of enchant weapon {unknown}
 z - 2 scrolls of noise {unknown}
 E - 3 scrolls of fear {unknown}
 G - a scroll of blinking {unknown}
Potions
 g - a potion of attraction
 i - 3 potions of brilliance
 k - a potion of ambrosia
 l - a potion of curing
 m - 2 potions of haste
 n - a potion of lignification
 r - 3 potions of might
 t - 2 potions of resistance
 v - 2 potions of heal wounds
 w - a potion of magic {unknown}
 A - a potion of flight {unknown}
 B - a potion of berserk rage {unknown}


   Skills:
 + Level 4.4 Fighting
 - Level 2.1 Dodging
 - Level 2.0 Stealth
 + Level 8.2 Spellcasting
 + Level 11.2 Conjurations
 * Level 15.4 Air Magic


You had 11 spell levels left.
You knew the following spells:

 Your Spells              Type           Power      Damage    Failure   Level
a - Airstrike             Air            30%        N/A       1%          4
b - Static Discharge      Conj/Air       55%        N/A       1%          2
c - Swiftness             Air            61%        N/A       1%          3
d - Shock                 Conj/Air       100%       1d9       1%          1
e - Lightning Bolt        Conj/Air       27%        1d44      1%          5

Your spell library contained the following spells:

 Spells                   Type           Power      Damage    Failure   Level
 Iskenderun's Mystic Bla  Conj/Tloc      29%        2d7       3%          4


Dungeon Overview and Level Annotations

Branches:
Dungeon (10/15)            Temple (1/1) D:4            Lair (0/6) D:10
    Orc (0/2) D:9

Altars:
Ashenzari
Cheibriados
Dithmenos
Elyvilon
Fedhas
Gozag
Hepliaklqana
Kikubaaqudgha
Makhleb
Nemelex Xobeh
Okawaru
Qazlal
Ru
Sif Muna
Trog
Uskayaw
Vehumet
Wu Jian
Xom
Yredelemnul
Zin
The Shining One

Shops:
D:9 (


Innate Abilities, Weirdness & Mutations

You have a beak for a mouth.
You have claws for feet.
Your magical nature lets you fly swiftly and evasively.


Message History

Casting: Airstrike (safe; 1% risk of failure)
Confirm with . or Enter, or press ? or * to list all spells.
The air twists around and strikes the killer bee!
You kill the killer bee!
Vehumet accepts your kill.
You feel your power returning.
* * * LOW MAGIC WARNING * * *
There is an open door here.
You start resting.
A killer bee is nearby!
A killer bee is nearby!
A killer bee is nearby!
Casting: Airstrike (safe; 1% risk of failure)
Confirm with . or Enter, or press ? or * to list all spells.
The air twists around and strikes the killer bee!
The killer bee buzzes angrily.
The killer bee is almost dead.
The killer bee barely misses you.
Unknown command.
Casting: Airstrike (safe; 1% risk of failure)
Confirm with . or Enter, or press ? or * to list all spells.
The air twists around and strikes the killer bee!
You kill the killer bee!
Vehumet accepts your kill.
You feel your power returning.
* * * LOW MAGIC WARNING * * *
You start resting.
Magic restored.
There is an open door here.
A centaur warrior comes into view.
There is an open door here.
The centaur warrior shouts!
The centaur warrior wields a +0 longbow.
The centaur warrior shoots an arrow.
The arrow hits you!!
Ouch! That really hurt!
* * * LOW HITPOINT WARNING * * *
The centaur warrior shoots an arrow.
The arrow hits you!
* * * LOW HITPOINT WARNING * * *
The centaur warrior shoots an arrow.
The arrow hits you!!
You die...

.....#......#....................
#######'#####..........######....
.......................# #....
.................†.....# #....
.......................# #....
.......................#
...........########....#
...........#......'....+
...........#^.c.@.#.[..#
...........##.##+##....#
#############.# .....#
.............# .....+
###....#.#.# .....#
###....###.#.# .?....#
##....###.....# ....#
....###.......# ..###....#.#..#


You could see a centaur warrior.

Vanquished Creatures
  A hydra (D:10)
  2 centaur warriors (D:10)
  A two-headed ogre (D:8)
  An ugly thing (D:10)
  Joseph (D:10)
  A troll (D:10)
  A hornet (shapeshifter) (D:10)
  A hornet (D:9)
  Prince Ribbit (D:7)
  6 yaks
  2 vampire mosquitoes (D:10)
  Menkaure (D:7)
  A steam dragon (D:9)
  3 water moccasins
  A sky beast (D:4)
  4 black bears
  4 orc warriors
  2 wolves (D:10)
  2 ogres
  2 centaurs
  A kobold brigand (D:8)
  Blork the orc (D:5)
  A phantom (D:7)
  A bullfrog (D:6)
  A gnoll sergeant (D:5)
  3 scorpions
  A water moccasin skeleton (D:4)
  20 killer bees
  4 howler monkeys
  2 electric eels (D:10)
  A centaur skeleton (D:6)
  5 hounds
  5 orc priests
  A gnoll shaman (D:8)
  2 bullfrog skeletons
  Jessica (D:2)
  Ijyb (D:3)
  A scorpion zombie (D:5)
  15 orc wizards
  2 hound skeletons
  2 howler monkey zombies
  8 gnolls
  A howler monkey skeleton (D:4)
  7 adders
  2 shadow imps
  2 white imps
  An ufetubus (D:4)
  2 dart slugs
  20 orcs
  9 endoplasms
  4 giant cockroaches
  6 goblins
  6 hobgoblins
  12 jackals
  15 kobolds
  7 quokkas
  6 ball pythons
  8 bats
  A frilled lizard (D:3)
  6 rats
  3 butterflies (D:4)
235 creatures vanquished.

Vanquished Creatures (others)
  9 plants
9 creatures vanquished.

Grand Total: 244 creatures vanquished

Notes
Turn   | Place    | Note
-------+----------+-------------------------------------------
     0 | D:1      | lunkers the Tengu Air Elementalist began the quest for the
                  | Orb.
     0 | D:1      | Reached XP level 1. HP: 10/10 MP: 4/4
   194 | D:1      | Reached XP level 2. HP: 13/15 MP: 3/6
   885 | D:1      | Reached XP level 3. HP: 19/19 MP: 4/7
  1165 | D:1      | Found a faded altar of an unknown god.
  1255 | D:2      | Noticed Jessica
  1261 | D:2      | Killed Jessica
  1262 | D:2      | Reached skill level 5 in Air Magic
  1488 | D:2      | Reached XP level 4. HP: 24/24 MP: 6/8
  1991 | D:2      | Found a shimmering altar of Xom.
  2394 | D:3      | Learned a level 2 spell: Static Discharge
  2398 | D:3      | Learned a level 3 spell: Swiftness
  2881 | D:3      | Gained mutation: Your magical nature lets you fly swiftly
                  | and evasively. [Tengu growth]
  2881 | D:3      | Reached XP level 5. HP: 28/28 MP: 6/10
  3180 | D:3      | Reached skill level 6 in Air Magic
  3311 | D:3      | Noticed Ijyb
  3327 | D:3      | Paralysed by Ijyb for 6 turns
  3328 | D:3      | Killed Ijyb
  4235 | D:4      | Reached XP level 6. HP: 26/32 MP: 6/11
  4294 | D:4      | Reached skill level 7 in Air Magic
  4488 | D:4      | Found a staircase to the Ecumenical Temple.
  4495 | Temple   | Entered the Ecumenical Temple
  4607 | Temple   | Became a worshipper of Vehumet
  4629 | D:4      | Learned a level 4 spell: Airstrike
  5039 | D:4      | Noticed a black bear
  5063 | D:4      | Killed a black bear
  5064 | D:4      | Reached XP level 7. HP: 31/36 MP: 4/13
  5319 | D:4      | Reached skill level 8 in Air Magic
  5558 | D:5      | Entered Level 5 of the Dungeon
  5569 | D:5      | Reached skill level 5 in Conjurations
  6061 | D:5      | Reached skill level 9 in Air Magic
  6232 | D:4      | Reached XP level 8. HP: 25/41 MP: 8/15
  6366 | D:5      | Learned a level 5 spell: Lightning Bolt
  6395 | D:5      | Reached * piety under Vehumet
  6395 | D:5      | Offered knowledge of Freeze by Vehumet.
  6670 | D:5      | Noticed Blork the orc
  6693 | D:5      | Killed Blork the orc
  7348 | D:5      | Reached skill level 10 in Air Magic
  7443 | D:5      | Reached skill level 5 in Spellcasting
  8280 | D:6      | Reached XP level 9. HP: 45/45 MP: 10/18
  8343 | D:6      | Reached skill level 11 in Air Magic
  8978 | D:7      | Noticed Menkaure
  8981 | D:7      | Killed Menkaure
  9153 | D:7      | Noticed Prince Ribbit
  9157 | D:7      | Killed Prince Ribbit
  9431 | D:7      | Found a bloodstained altar of Trog.
  9657 | D:7      | Reached skill level 12 in Air Magic
  9792 | D:7      | Reached ** piety under Vehumet
 10183 | D:8      | Offered knowledge of Magic Dart by Vehumet.
 10741 | D:8      | Noticed a two-headed ogre
 10746 | D:8      | Killed a two-headed ogre
 10747 | D:8      | Reached skill level 13 in Air Magic
 10747 | D:8      | Reached XP level 10. HP: 35/50 MP: 6/21
 11695 | D:8      | Offered knowledge of Ignite Poison by Vehumet.
 12101 | D:9      | Reached skill level 1 in Fighting
 12180 | D:9      | Found Jabustr Wetei's Weapon Emporium.
 12538 | D:9      | Found a staircase to the Orcish Mines.
 12576 | D:9      | Found a broken altar of Ashenzari.
 12578 | D:9      | Found a shadowy altar of Dithmenos.
 12578 | D:9      | Found an opulent altar of Gozag.
 12578 | D:9      | Found a stormy altar of Qazlal.
 12580 | D:9      | Found a glowing golden altar of the Shining One.
 12580 | D:9      | Found a basalt altar of Yredelemnul.
 12581 | D:9      | Found a burning altar of Makhleb.
 12599 | D:9      | Reached skill level 10 in Conjurations
 12618 | D:8      | Reached skill level 14 in Air Magic
 13349 | D:9      | Reached *** piety under Vehumet
 13418 | D:10     | Entered Level 10 of the Dungeon
 13434 | D:10     | Noticed Joseph
 13725 | D:10     | Killed Joseph
 13888 | D:10     | Reached XP level 11. HP: 19/60 MP: 4/23
 14336 | D:10     | Found a staircase to the Lair.
 14620 | D:10     | Offered knowledge of Iskenderun's Mystic Blast by Vehumet.
 14842 | D:10     | Noticed a five-headed hydra
 14842 | D:10     | Noticed a white ugly thing
 14847 | D:10     | Killed a white ugly thing
 14851 | D:10     | Killed a five-headed hydra
 14960 | D:10     | Identified the ring of Neqiedo {rPois rN+ Str+4}
 14960 | D:10     | Noticed a centaur warrior
 14967 | D:10     | Killed a centaur warrior
 14968 | D:10     | Reached skill level 15 in Air Magic
 15189 | D:10     | Noticed a centaur warrior
 15205 | D:10     | HP: 2/61 [centaur warrior (3)]
 15217 | D:10     | Killed a centaur warrior
 15574 | D:10     | Noticed a centaur warrior
 15577 | D:10     | Shot with an arrow by a centaur warrior

Illustrated notes

Levels and vault maps discovered:
D:1:      arrival_zaba_pyramid, layout_basic,
          shapermc_ecumenical_altar_mp_urbaneastern
D:2:      layout_loops_ring, basic_altar, uniq_jessica
D:3:      minmay_door_path, layout_basic, minivault_4, uniq_ijyb
D:4:      layout_basic, minmay_temple_entry_proselytizer, serial_park_tiny_1,
          minivault_4, hangedman_abyss_or_decor_stabs, hangedman_glass_garden,
          minmay_liquid_box
D:5:      layout_cave_pools, uniq_blork_the_orc
D:6:      minmay_flawed_box, layout_rooms, item_on_display_a
D:7:      layout_loops_ring, kennysheep_mini_moat, uniq_menkaure,
          uniq_prince_ribbit1
D:8:      layout_basic
D:9:      layout_roguey, grunt_temple_overflow_open, orc_0_dummy, serial_shops,
          shop, ebering_dispersal_statue_hall, hangedman_decor_push,
          serial_bayou_pond_b
D:10:     minmay_tri_box, layout_gridville, erik_lair_island,
          hangedman_minor_magic, uniq_joseph
Temple:   nicolae_temple_great_sept

Skill      XL: |  1  2  3  4  5  6  7  8  9 10 11 |
---------------+----------------------------------+-----
Conjurations   | 2 3 4 5 7 9 10 11 | 11.2
Air Magic      | 5 6 7 9 10 13 14 15 | 15.4
Spellcasting   | 3 4 5 6 7 8 |  8.2
Fighting       | 3 4 |  4.4
Dodging        | |  2.1
Stealth        | |  2.0

Action                   |  1- 3 |  4- 6 |  7- 9 | 10-12 || total
-------------------------+-------+-------+-------+-------++-------
Melee: Dagger            |     5 |    26 |    41 |     5 ||    77
       Peck              |       |     2 |     8 |     5 ||    15
       Kick              |       |     1 |     7 |     7 ||    15
       Quarterstaff      |       |       |       |    12 ||    12
 Cast: Shock             |    53 |    90 |     4 |     1 ||   148
       Static Discharge  |       |    25 |    56 |    21 ||   102
       Airstrike         |       |       |    83 |    94 ||   177
       Lightning Bolt    |       |       |       |     9 ||     9
Evoke: Wand              |       |       |       |    13 ||    13
  Use: Scroll            |       |       |       |     8 ||     8
       Potion            |       |       |       |     1 ||     1
 Stab: Sleeping          |       |     4 |     2 |       ||     6
       Paralysed         |       |       |       |    12 ||    12
Armor: Robe              |     4 |     6 |       |       ||    10
       Leather armour    |       |     2 |    27 |    13 ||    42
       Troll leather arm |       |       |       |     8 ||     8
Dodge: Dodged            |    12 |    32 |    71 |    42 ||   157

Table legend: (Time is in decaauts)
 A = Elapsed time spent in this place.
 B = Non-inter-level travel time spent in this place.
 C = Inter-level travel time spent in this place.
 D = Time resting spent in this place.
 E = Time spent auto-exploring this place.
 F = Levels seen in this place.
 G = Mean time per level.
                   A        B        C        D        E       F      G
               +--------+--------+--------+--------+--------+-----+--------+
         Total |  15116 |  14772 |    344 |   3973 |   8931 |  11 | 1374.2 |
       Dungeon |  15002 |  14677 |    325 |   3973 |   8848 |  10 | 1500.2 |
        Temple |    114 |     96 |     18 |      0 |     82 |   1 |  114.0 |
               +--------+--------+--------+--------+--------+-----+--------+

Top non-repeatable levels by time:
     D:4: 1919 daAuts
     D:3: 1796 daAuts
    D:10: 1788 daAuts
     D:8: 1759 daAuts
     D:9: 1686 daAuts
     D:5: 1393 daAuts
     D:1: 1253 daAuts
     D:7: 1189 daAuts
     D:2: 1130 daAuts
     D:6: 1085 daAuts
  Temple: 114 daAuts
